 Dungeon Crawl Stone Soup version 0.22-a0-617-g6d95e9e (webtiles) character file.

36071 sking99 the Unseen (level 13, -8/88 HPs)
             Began as a Vampire Enchanter on July 12, 2018.
             Was a High Priest of Kikubaaqudgha.
             Mangled by an alligator (18 damage)
             ... on level 4 of the Lair of Beasts.
             The game lasted 00:54:40 (22337 turns).

sking99 the Unseen (Vampire Enchanter)             Turns: 22337, Time: 00:54:42

Health: -8/88      AC:  0    Str:  7    XL:     13   Next: 51%
Magic:  4/22       EV: 29    Int: 22    God:    Kikubaaqudgha [*****.]
Gold:   1068       SH:  4    Dex: 20    Spells: 1/24 levels left

rFire    . . .     SeeInvis +   (weapon currently unavailable)
rCold    + . .     Gourm    .   (shield currently unavailable)
rNeg     + + .     Faith    .   (armour currently unavailable)
rPois    +         Spirit   .   (helmet currently unavailable)
rElec    .         Reflect  +   (cloak currently unavailable)
rCorr    .         Harm     .   (gloves currently unavailable)
MR       +....                  (boots currently unavailable)
Stlth    +++++++++.             o - +4 amulet of reflection
HPRegen  0.12/turn              (ring currently unavailable)
MPRegen  0.18/turn              (ring currently unavailable)

@: bat-form, flying, slightly contaminated, regenerating slowly, very quick
A: tiny, fangs 3, see invisible, no potion heal 1
a: End Transformation, Receive Corpses, Torment, Renounce Religion


You were on level 4 of the Lair of Beasts.
You worshipped Kikubaaqudgha.
Kikubaaqudgha was extremely pleased with you.
You were thirsty.
You were in vampire-bat-form.
You visited 2 branches of the dungeon, and saw 15 of its levels.
You also visited: Volcano.

You collected 1068 gold pieces.

Inventory:

Hand Weapons
 v - a +0 dagger of venom (melded)
Missiles
 u - 7 throwing nets (quivered)
Armour
 b - a +0 robe
 c - a +0 pair of gloves (melded)
 f - a +0 helmet (melded)
 g - the +1 robe of Kleptomania (melded) {Str-3 Int+6 Slay+2}
   (You found it on level 5 of the Dungeon)

   It affects your strength (-3).
   It affects your intelligence (+6).
   It affects your accuracy and damage with ranged weapons and melee attacks
   (+2).
 p - a +0 robe of cold resistance
 r - a +0 cloak (melded)
 w - a +0 buckler
 y - a +0 troll leather armour
Jewellery
 i - a ring of protection from magic (melded)
 o - a +4 amulet of reflection (around neck)
 I - an uncursed ring of protection from fire {unknown}
 J - an uncursed ring of protection from magic
Wands
 t - a wand of digging (12)
 x - a wand of acid (8)
 C - a wand of random effects (52)
 E - a wand of scattershot (8)
 G - a wand of disintegration (54)
 K - a wand of iceblast (5)
Scrolls
 a - 7 scrolls of teleportation
 h - 10 scrolls of remove curse
 n - a scroll of summoning {unknown}
 s - a scroll of blinking
 z - a scroll of amnesia
 A - a scroll of identify
 F - a scroll of fog {unknown}
 H - a scroll of fear {unknown}
Potions
 d - 3 potions of agility
 e - 2 potions of haste
 j - a potion of heal wounds
 k - 2 potions of resistance
 l - 4 potions of curing
 m - a potion of brilliance
 q - 38 potions of blood
 B - a potion of flight
 D - 2 potions of berserk rage {unknown}


   Skills:
 * Level 3.7 Fighting
 - Level 10.0 Short Blades
 - Level 9.0 Dodging
 + Level 19.9 Stealth
 - Level 6.2 Spellcasting
 - Level 13.0 Hexes
 + Level 9.8 Necromancy


You had one spell level left.
You knew the following spells:

 Your Spells              Type           Power        Failure   Level  Hunger
a - Ensorcelled Hibernat  Hex/Ice        #####.       1%          2    None
b - Confuse               Hex            ######..     1%          3    #......
c - Tukima's Dance        Hex            ######..     1%          3    #......
d - Dazzling Spray        Conj/Hex       #####.       1%          3    #......
e - Animate Dead          Necr           N/A          1%          4    ###....
f - Pain                  Necr           ####         1%          1    None
t - Corona                Hex            ######.      1%          1    None
z - Invisibility          Hex            ######..     6%          6    ######.

Your spell library contained the following spells:

 Spells                   Type           Power        Failure   Level  Hunger
 Apportation              Tloc           #.....       9%          1    None
 Summon Small Mammal      Summ           #...         9%          1    None
 Bolt of Draining         Conj/Necr      ####......   32%         5    #####..
 Summon Ice Beast         Ice/Summ       #.......     65%         4    ###....
 Ozocubu's Armour         Chrm/Ice       #.......     26%         3    #......
 Call Imp                 Summ           #.......     14%         2    None
 Dispel Undead            Necr           ######..     4%          5    #####..
 Regeneration             Chrm/Necr      ####......   3%          3    #......
 Sublimation of Blood     Necr           ######....   1%          2    None
 Corpse Rot               Necr           N/A          1%          2    None
 Iron Shot                Conj/Erth      #.........   100%        6    ######.
 Agony                    Necr           ######..     4%          5    #####..
 Statue Form              Tmut/Erth      #........    100%        6    ######.
 Call Canine Familiar     Summ           #.......     26%         3    #......
 Metabolic Englaciation   Hex/Ice        #####.....   17%         5    #####..
 Summon Butterflies       Summ           #.......     9%          1    None
 Alistair's Intoxication  Tmut/Pois      #.......     94%         5    #####..
 Summon Lightning Spire   Summ/Air       #.......     65%         4    ###....
 Summon Guardian Golem    Hex/Summ       #####...     1%          3    #......
 Lesser Beckoning         Tloc           #.........   26%         3    #......
 Borgnjor's Vile Clutch   Necr/Erth      ####......   32%         5    #####..


Dungeon Overview and Level Annotations

Branches:
Dungeon (11/15)            Temple (0/1) D:7            Lair (4/6) D:11
  Swamp (0/4) Lair:2        Snake (0/4) Lair:4          Orc (0/2) D:10

Altars:
Ashenzari
Cheibriados
Dithmenos
Elyvilon
Gozag
Hepliaklqana
Kikubaaqudgha
Makhleb
Sif Muna
Vehumet
Wu Jian
Xom
The Shining One
Beogh

Shops:
D:8 %   D:11 }


Innate Abilities, Weirdness & Mutations

You heal slowly.
You have razor-sharp teeth.
You have supernaturally acute eyesight. (SInv)
((You can survive without breathing.))
Potions are less effective at restoring your health.


Message History

Moving in this stuff is going to be slow. ...and don't expect to remain undetected.
You flicker back into view.
The alligator bites you!! The alligator tail-slaps you.
The alligator closely misses you. x2
You barely miss the alligator. The alligator bites you!!
* * * LOW HITPOINT WARNING * * *
The alligator tail-slaps you!
* * * LOW HITPOINT WARNING * * *
Unknown command.
You turn into a vampire bat.
Your +0 dagger of venom melds into your body.
Your +0 cloak melds into your body.
Your +0 helmet melds into your body.
Your +0 pair of gloves melds into your body.
The +1 robe of Kleptomania {Str-3 Int+6 Slay+2} melds into your body.
Your ring of protection from magic melds into your body.
Your +0 dagger of venom stops dripping with poison.
The alligator bites you!!
You die...
Kikubaaqudgha rasps: "You have failed me!
Welcome... oblivion!"

..............#...............#
##..........###...............#
.............##....#####......#
..........<........# ###...##
≈≈≈≈.≈≈≈≈#≈########## #####.###
≈##≈.≈≈≈##≈≈≈≈≈≈≈#≈≈#≈≈≈≈
#...###
#≈≈≈≈.≈.##≈≈≈≈≈≈≈$#≈≈≈≈≈#
#.....#
≈≈#≈≈≈≈≈≈#≈≈≈≈≈≈≈≈$≈≈≈≈≈≈
#.....P
≈≈P..#≈≈≈≈≈≈≈≈#≈bt#≈≈≈≈≈#
#......
≈#≈.≈.≈≈≈#≈≈≈#..≈≈≈≈#≈#≈≈
#...... ≈≈.≈≈≈≈≈≈≈≈≈≈.≈≈≈≈≈≈#
≈≈ #......
≈≈#≈≈.≈≈≈≈#≈..≈≈≈#≈##≈≈ #
#...... ≈≈#≈≈..#..#.†≈.≈≈≈≈≈≈≈≈
≈≈..#...
≈≈≈≈≈≈≈.P..≈.†..#≈≈≈≈≈.
.#≈......
≈≈##≈....≈≈≈.≈≈≈.≈.P...
.#..#... ≈≈
#..PP≈).#.≈≈.≈≈.≈P.≈ ≈≈...... #
≈..≈≈≈≈≈≈.P≈#≈#≈..≈#≈ ≈≈≈....#.


You could see an alligator.

Vanquished Creatures
  A red draconian (Volcano)
  Harold (Lair:2)
  2 hydras
  3 death yaks (Lair:2)
  A catoblepas (Lair:3)
  Erica (Lair:1)
  2 two-headed ogres
  Urug (Lair:4)
  A salamander mystic (Volcano)
  A swamp dragon (Lair:4)
  3 oklob plants (Lair:3)
  A cyclops (D:11)
  5 salamanders (Volcano)
  4 elephants (Lair:3)
  A black mamba (Lair:3)
  5 spiny frogs
  2 komodo dragons
  3 trolls
  4 bog bodies (Lair:2)
  2 slime creatures (Lair:4)
  Sigmund (D:2)
  4 hippogriffs
  43 yaks
  A wyvern (Lair:3)
  2 basilisks (Lair:3)
  3 fire bats (Lair:1)
  A steam dragon (Lair:3)
  4 hungry ghosts
  A two-headed ogre zombie (D:10)
  4 nagas (Lair:4)
  4 swamp worms
  A soldier ant (D:11)
  10 water moccasins
  7 porcupines
  2 ice beasts (D:8)
  2 eyes of draining
  2 sky beasts
  4 black bears
  2 orc warriors
  3 phantoms
  A wolf (D:11)
  7 ogres
  6 centaurs
  10 crocodiles
  9 bullfrogs
  A gnoll sergeant (D:11)
  6 scorpions
  2 troll zombies (D:10)
  6 killer bees (D:11)
  A vampire bat (D:4)
  5 electric eels
  4 crimson imps
  2 bullfrog zombies
  3 jellies
  2 centaur zombies
  3 hounds
  13 orc priests
  Jessica (D:9)
  A bullfrog skeleton (D:11)
  3 centaur skeletons
  5 iguanas
  11 orc wizards
  8 worker ants
  A killer bee zombie (D:8)
  4 ogre zombies (D:10)
  A howler monkey zombie (D:7)
  2 worker ant zombies
  8 adders
  3 gnolls (D:11)
  4 shadow imps
  An ooze (D:4)
  An adder zombie (D:9)
  3 worms
  2 dart slugs (D:1)
  3 leopard geckos
  52 orcs
  2 bat skeletons (D:4)
  3 bat zombies (D:4)
  4 giant cockroaches
  A goblin (D:3)
  5 hobgoblins
  9 jackals
  3 quokkas
  2 ball pythons
  8 bats
  2 frilled lizards
  2 goblin skeletons (D:10)
  4 goblin zombies (D:10)
  A hobgoblin skeleton (D:10)
  A hobgoblin zombie (D:10)
  A jackal skeleton (D:4)
  5 kobolds
  3 orc skeletons (D:10)
  12 orc zombies (D:10)
  A quokka skeleton (D:4)
  11 rats
420 creatures vanquished.

Vanquished Creatures (collateral kills)
  2 ogres
  4 wights (D:9)
  An adder (D:6)
  A frilled lizard (D:5)
8 creatures vanquished.

Vanquished Creatures (others)
  A crocodile (Lair:3)
  A bush (D:11)
  6 fungi
  7 plants
15 creatures vanquished.

Grand Total: 443 creatures vanquished

Notes
Turn   | Place    | Note
-------+----------+-------------------------------------------
     0 | D:1      | sking99 the Vampire Enchanter began the quest for the Orb.
     0 | D:1      | Reached XP level 1. HP: 13/13 MP: 3/3
     8 | D:1      | Noticed a minotaur skeleton
    12 | D:1      | Noticed a gargoyle
    14 | D:1      | Noticed a dwarf
    16 | D:1      | Noticed a naga
    18 | D:1      | Noticed an ogre
   386 | D:1      | Reached XP level 2. HP: 19/19 MP: 5/5
   863 | D:2      | Reached skill level 5 in Stealth
   871 | D:2      | Reached XP level 3. HP: 12/24 MP: 6/6
  1063 | D:2      | Learned a level 3 spell: Confuse
  1066 | D:2      | Learned a level 2 spell: Ensorcelled Hibernation
  1236 | D:2      | Noticed Sigmund
  1249 | D:2      | Killed Sigmund
  1249 | D:2      | Reached skill level 6 in Stealth
  1249 | D:2      | Reached skill level 5 in Hexes
  1249 | D:2      | Reached XP level 4. HP: 28/30 MP: 0/9
  1249 | D:2      | Reached XP level 5. HP: 33/35 MP: 0/10
  2062 | D:3      | Reached skill level 7 in Stealth
  2294 | D:3      | Found a faded altar of an unknown god.
  2309 | D:3      | Reached XP level 6. HP: 41/41 MP: 6/11
  2861 | D:4      | Learned a level 3 spell: Tukima's Dance
  2913 | D:4      | Found a radiant altar of Vehumet.
  3112 | D:4      | Reached skill level 8 in Stealth
  3158 | D:4      | Found a shattered altar of Ashenzari.
  3567 | D:4      | Reached XP level 7. HP: 46/46 MP: 9/12
  3823 | D:4      | Found an ancient bone altar of Kikubaaqudgha.
  3829 | D:4      | Became a worshipper of Kikubaaqudgha
  3899 | D:4      | Reached skill level 9 in Stealth
  4084 | D:5      | Entered Level 5 of the Dungeon
  4468 | D:5      | Reached skill level 10 in Stealth
  4473 | D:5      | Learned a level 3 spell: Dazzling Spray
  4539 | D:5      | Found a snail-covered altar of Cheibriados.
  4596 | D:5      | Got a creamy pearl robe
  4597 | D:5      | Identified the +1 robe of Kleptomania {Str-3 Int+6 Slay+2} (You found it on level 5 of the Dungeon)
  4655 | D:5      | Reached skill level 5 in Dodging
  4724 | D:5      | Reached XP level 8. HP: 52/52 MP: 6/13
  4910 | D:5      | Reached * piety under Kikubaaqudgha
  4910 | D:5      | Identified Kikubaaqudgha's Disquisition on Black Rituals (Kikubaaqudgha gifted it to you on level 5 of the Dungeon)
  4910 | D:5      | Received a gift from Kikubaaqudgha
  6105 | D:6      | Reached skill level 11 in Stealth
  7067 | D:7      | Found a staircase to the Ecumenical Temple.
  7188 | D:7      | Reached skill level 12 in Stealth
  7238 | D:7      | Found a burning altar of Makhleb.
  7240 | D:7      | Found a shimmering altar of Xom.
  7536 | D:8      | Noticed a troll
  7538 | D:8      | Reached XP level 9. HP: 57/57 MP: 14/14
  8377 | D:8      | Killed a troll
  8377 | D:8      | Reached skill level 13 in Stealth
  8427 | D:8      | Found a white marble altar of Elyvilon.
  8709 | D:8      | Found a hazy altar of Hepliaklqana.
  8937 | D:8      | Found Emuges's Food Emporium.
  9194 | D:8      | Found a glowing golden altar of the Shining One.
  9227 | D:8      | Found an ornate altar of the Wu Jian Council.
  9244 | D:8      | Reached skill level 10 in Hexes
  9267 | D:8      | Found an opulent altar of Gozag.
  9404 | D:8      | Reached ** piety under Kikubaaqudgha
  9696 | D:9      | Found a shadowy altar of Dithmenos.
  9728 | D:9      | Reached skill level 14 in Stealth
  9913 | D:9      | Noticed a troll
  9921 | D:9      | Killed a troll
  9921 | D:9      | Reached skill level 5 in Short Blades
  9921 | D:9      | Reached XP level 10. HP: 48/63 MP: 8/15
 10113 | D:9      | Reached skill level 15 in Stealth
 11043 | D:9      | Noticed a two-headed ogre
 11045 | D:9      | Killed a two-headed ogre
 11115 | D:9      | Reached skill level 16 in Stealth
 11249 | D:9      | Noticed Jessica
 11259 | D:9      | Found a deep blue altar of Sif Muna.
 11264 | D:9      | Killed Jessica
 11956 | D:9      | Reached *** piety under Kikubaaqudgha
 11956 | D:9      | Identified Kikubaaqudgha's Guide on Dark Rites (Kikubaaqudgha gifted it to you on level 9 of the Dungeon)
 11956 | D:9      | Received a gift from Kikubaaqudgha
 11967 | D:9      | Found a roughly hewn altar of Beogh.
 12140 | D:10     | Entered Level 10 of the Dungeon
 12306 | D:10     | Reached skill level 1 in Necromancy
 12615 | D:10     | Reached XP level 11. HP: 68/68 MP: 6/17
 12703 | D:10     | Found a staircase to the Orcish Mines.
 12716 | D:10     | Learned a level 1 spell: Pain
 12764 | D:10     | Learned a level 4 spell: Animate Dead
 13897 | D:10     | Reached **** piety under Kikubaaqudgha
 14508 | D:10     | Identified Xiuffuynn's Reference Book on the Frigorific Mountains
 15159 | D:11     | Reached skill level 5 in Spellcasting
 15253 | D:11     | Noticed a two-headed ogre
 15262 | D:11     | Killed a two-headed ogre
 15266 | D:11     | Reached skill level 17 in Stealth
 15753 | D:11     | Reached ***** piety under Kikubaaqudgha
 16162 | D:11     | Found a staircase to the Lair.
 16247 | D:11     | Found Zekhlodo's Gadget Boutique.
 17017 | Lair:1   | Entered Level 1 of the Lair of Beasts
 17027 | Lair:1   | Noticed Erica
 17034 | Lair:1   | Killed Erica
 17034 | Lair:1   | Reached skill level 5 in Necromancy
 17034 | Lair:1   | Reached XP level 12. HP: 74/74 MP: 21/21
 17042 | Lair:1   | Learned a level 6 spell: Invisibility
 17266 | Lair:1   | Noticed a seven-headed hydra
 17273 | Lair:1   | Killed a seven-headed hydra
 17331 | Lair:1   | Found a dark tunnel.
 17382 | Volcano  | Entered a volcano
 17751 | Volcano  | Noticed a red draconian
 17764 | Volcano  | Killed a red draconian
 18641 | Lair:2   | Noticed a death yak
 18664 | Lair:2   | Noticed a death yak
 18665 | Lair:2   | Noticed a death yak
 18685 | Lair:2   | Killed a death yak
 18685 | Lair:2   | Reached skill level 18 in Stealth
 18687 | Lair:2   | Killed a death yak
 18687 | Lair:2   | Reached skill level 10 in Short Blades
 18690 | Lair:2   | Killed a death yak
 18829 | Lair:2   | Noticed Harold
 18836 | Lair:2   | Killed Harold
 19207 | Lair:2   | Found a staircase to the Swamp.
 19749 | Lair:3   | Reached skill level 19 in Stealth
 19749 | Lair:3   | Reached XP level 13. HP: 79/79 MP: 5/22
 19941 | Lair:3   | Gained mutation: Potions are less effective at restoring your health. [mutagenic glow]
 21086 | Lair:3   | Reached skill level 1 in Fighting
 21550 | Lair:4   | Found a staircase to the Snake Pit.
 21991 | Lair:4   | Noticed Urug
 22005 | Lair:4   | Killed Urug
 22337 | Lair:4   | Mangled by an alligator

Vault maps used:
D:1:      shiori_arrival_whats_in_store_for_you
D:2:      minivault_19, uniq_sigmund
D:3:      chequers_ecumenical_altar_simple_redux
D:4:      kennysheep_vampire_church, fiery_altar_vehumet,
          evilmike_ruin_ashenzari, first_ration
D:5:      old_standard_altar
D:7:      grunt_temple_overflow_champion_of_chaos,
          minmay_temple_entry_statues_pillars
D:8:      nicolae_overflow_quartered_altars, elyvilon_altar_1, serial_shops,
          shop
D:9:      tgw_sif, special_room, serial_bayou, serial_bayou_pond_c,
          serial_bayou_shore_a, serial_bayou_shore_b, serial_bayou_shore_b,
          serial_bayou_crossing, grunt_ogre_cave,
          grunt_dithmenos_smoke_and_mirrors
D:10:     zombieorc2_lemuel
D:11:     minmay_lair_entry_grove, serial_shops, kennysheep_little_box,
          onia_ninara_dug_in_and_dangerous
Lair:1:   nicolae_volcano_entry_batcave, uniq_erica
Lair:2:   nicolae_swamp_entry_splash_gauntlet, grunt_megastairs_4, uniq_harold
Lair:3:   disabler_island, infiniplex_staircase_pool
Lair:4:   onia_ninara_swampy_vault, minmay_snake_entry_guardpost_small,
          lemuel_another_geyser, uniq_urug
Volcano:  volcano_pools

Skill      XL: |  1  2  3  4  5  6  7  8  9 10 11 12 13 |
---------------+----------------------------------------+-----
Stealth        | 5 6 7 8 10 12 14 16 17 19 | 19.9
Dodging        | 3 4 5 6 7 8 9 |  9.0
Spellcasting   | 3 4 6 |  6.2
Hexes          | 5 6 7 9 10 11 13 | 13.0
Short Blades   | 5 7 9 10 | 10.0
Necromancy     | 2 5 8 9 |  9.8
Fighting       | 3 |  3.7

Action                   |  1- 3 |  4- 6 |  7- 9 | 10-12 | 13-15 || total
-------------------------+-------+-------+-------+-------+-------++-------
Melee: Dagger            |    68 |    68 |   182 |   615 |   106 ||  1039
       Bite              |     3 |     3 |     7 |    40 |    10 ||    63
 Cast: Corona            |     2 |       |       |       |       ||     2
       Ensorcelled Hiber |     3 |    39 |    81 |   163 |    51 ||   337
       Confuse           |       |     1 |    13 |    42 |     6 ||    62
       Tukima's Dance    |       |       |     4 |     5 |       ||     9
       Dazzling Spray    |       |       |       |     7 |     5 ||    12
       Animate Dead      |       |       |       |     3 |       ||     3
       Invisibility      |       |       |       |     7 |     9 ||    16
Invok: Receive Corpses   |       |       |       |     2 |       ||     2
 Abil: Bat Form          |       |       |     4 |     5 |     2 ||    11
       End Transformatio |       |       |     4 |     5 |     1 ||    10
Evoke: Wand              |       |       |       |     1 |     1 ||     2
  Use: Potion            |     1 |     2 |    11 |    17 |     8 ||    39
       Scroll            |       |     9 |     6 |     6 |       ||    21
 Stab: Sleeping          |     6 |    39 |    73 |   133 |    36 ||   287
       Confused          |       |     1 |     7 |    33 |       ||    41
       Distracted        |       |       |     1 |     2 |       ||     3
       Invisible         |       |       |       |    15 |    16 ||    31
       Petrifying        |       |       |       |       |     2 ||     2
       Petrified         |       |       |       |       |     1 ||     1
  Eat: Corpse            |       |     1 |       |       |       ||     1
Armor: Robe              |    21 |     5 |    51 |    29 |    10 ||   116
Dodge: Dodged            |    68 |    26 |   120 |   282 |    72 ||   568
Block: Other             |       |       |    23 |    63 |    14 ||   100
       Reflection        |       |       |     1 |     2 |     1 ||     4

Table legend:
 A = Spawn XP
 B = Non-spawn XP
 C = Spawn XP percentage of total XP
 D = Spawn monster count
 E = Non-spawn monster count
 F = Spawn count percentage of total count
 G = Total turns spent on level
                    A         B        C        D         E        F      G
               +---------+---------+-------+---------+---------+-------+---------
         Total |       0 |   51530 |   0.0 |       0 |     429 |   0.0 | 22337
               +---------+---------+-------+---------+---------+-------+---------
           D:1 |       0 |      23 |   0.0 |       0 |      12 |   0.0 |   744
           D:2 |       0 |     304 |   0.0 |       0 |      21 |   0.0 |  1232
           D:3 |       0 |     123 |   0.0 |       0 |      17 |   0.0 |   935
           D:4 |       0 |     425 |   0.0 |       0 |      27 |   0.0 |  1880
           D:5 |       0 |     698 |   0.0 |       0 |      28 |   0.0 |   991
           D:6 |       0 |     505 |   0.0 |       0 |      11 |   0.0 |  1114
           D:7 |       0 |     422 |   0.0 |       0 |      10 |   0.0 |  1442
           D:8 |       0 |    1539 |   0.0 |       0 |      22 |   0.0 |  1346
           D:9 |       0 |    5242 |   0.0 |       0 |      63 |   0.0 |  2456
          D:10 |       0 |    4392 |   0.0 |       0 |      63 |   0.0 |  2616
          D:11 |       0 |    7338 |   0.0 |       0 |      56 |   0.0 |  2261
        Lair:1 |       0 |    4244 |   0.0 |       0 |      13 |   0.0 |   939
        Lair:2 |       0 |    7352 |   0.0 |       0 |      24 |   0.0 |  1168
        Lair:3 |       0 |    9048 |   0.0 |       0 |      27 |   0.0 |  1824
        Lair:4 |       0 |    5890 |   0.0 |       0 |      28 |   0.0 |   794
       Volcano |       0 |    3985 |   0.0 |       0 |       7 |   0.0 |   595
               +---------+---------+-------+---------+---------+-------+---------
